 Dungeon Crawl Stone Soup version 0.17.2 (webtiles) character file.

16358 Goblin1989 the Grappler (level 12, -5/94 HPs)
             Began as a Demonspawn Gladiator on July 10, 2016.
             Was an Initiate of Gozag.
             Killed from afar by a vampire mage (15 damage)
             ... with a bolt of negative energy
             ... on level 11 of the Dungeon.
             The game lasted 00:30:52 (11171 turns).

Goblin1989 the Grappler (Demonspawn Gladiator)     Turns: 11171, Time: 00:30:52

Health: -5/94      AC: 18    Str: 20    XL:     12   Next: 9%
Magic:  12/12      EV:  7    Int:  9    God:    Gozag
Gold:   2545       SH: 15    Dex: 20    Spells: 1 memorised, 9 levels left

rFire  + . .     SeeInvis +       - Unarmed
rCold  . . .     Clarity  .     j - +0 plate armour
rNeg   . . .     SustAt   .     K - +0 large shield
rPois  .         Gourm    .     c - +0 helmet
rElec  .         Spirit   .     (no cloak)
rCorr  .         Warding  .     (no gloves)
rMut   .         Stasis   .     p - +0 pair of boots
MR     .....                    J - amulet of regeneration
Stlth  ..........               w - ring of see invisible
                                C - ring of protection from fire

@: agile, about to teleport, drained, not resistant to hostile enchantments,
extremely unstealthy
A: claws 2, icy blue scales 2, powered by pain 2, spiny 2
a: Potion Petition, Call Merchant, Bribe Branch, Renounce Religion


You were on level 11 of the Dungeon.
You worshipped Gozag.
Gozag was noncommittal.
You were not hungry.

You visited 1 branch of the dungeon, and saw 11 of its levels.

You collected 2953 gold pieces.
You paid 408 gold pieces to Gozag.

Inventory:

Hand Weapons
 a - a +0 long sword
Missiles
 d - 4 throwing nets (quivered)
Armour
 c - a +0 helmet (worn)
 j - a +0 plate armour (worn)
 p - a +0 pair of boots (worn)
 K - a +0 large shield (worn)
Jewellery
 h - an uncursed ring of poison resistance
 i - an uncursed amulet of resist corrosion
 w - a ring of see invisible (right claw)
 C - a ring of protection from fire (left claw)
 J - an amulet of regeneration (around neck)
Wands
 t - a wand of paralysis (5)
 y - a wand of polymorph (8)
 M - a wand of magic darts (18)
 P - a wand of cold (9)
 S - a wand of lightning (7)
 T - a wand of lightning (7)
 V - a wand of enslavement (11)
Scrolls
 b - 2 scrolls of amnesia {unknown}
 f - a scroll of enchant weapon {unknown}
 o - a scroll of fear {unknown}
 r - a scroll of random uselessness {unknown}
 s - 3 scrolls of noise {unknown}
 u - a scroll of recharging {unknown}
 v - 3 scrolls of remove curse
 z - 4 scrolls of magic mapping
 B - 3 scrolls of teleportation
 E - 2 scrolls of enchant armour {unknown}
 H - a scroll of blinking {unknown}
 R - a scroll of immolation {unknown}
Potions
 g - a potion of cancellation
 k - 4 potions of curing
 l - 2 potions of magic {unknown}
 m - a potion of flight
 n - a potion of heal wounds
 q - 4 potions of brilliance
 x - 2 potions of agility
 D - a potion of lignification {unknown}
 F - a potion of mutation
 I - 2 potions of invisibility
 N - 3 potions of poison {unknown}
 U - a potion of ambrosia {unknown}
Books
 L - the Compendium of Fiery Attacks
   (You found it on level 11 of the Dungeon)

   Spells                             Type                      Level
   a - Flame Tongue                   Conjuration/Fire             1
   b - Sticky Flame                   Conjuration/Fire             4
   c - Fireball                       Conjuration/Fire             5
   d - Bolt of Magma                  Conjuration/Fire/Earth       5
   e - Delayed Fireball               Conjuration/Fire             7
Comestibles
 e - 5 bread rations
 A - 4 meat rations
 G - a beef jerky
 O - a royal jelly
 Q - 2 slices of pizza


   Skills:
 + Level 8.9(7.8) Fighting
 - Level 4.4(3.4) Long Blades
 - Level 1.7(0.8) Throwing
 + Level 8.1(7.0) Armour
 - Level 2.6(1.7) Dodging
 + Level 6.8(5.7) Shields
 * Level 11.9(10.7) Unarmed Combat


You had 9 spell levels left.
You knew the following spells:

 Your Spells              Type           Power        Failure   Level  Hunger
a - Sublimation of Blood  Necr           #.........   100%        2    ###....


Dungeon Overview and Level Annotations

Branches:
Dungeon (11/15)            Temple (0/1) D:7            Lair (0/8) D:10
    Orc: D:9-12

Altars:
Cheibriados
Elyvilon
Gozag
Kikubaaqudgha
Makhleb
Ru
Sif Muna
Trog
The Shining One


Innate Abilities, Weirdness & Mutations

You have very sharp fingernails.
You are mostly covered in icy blue scales (AC +3, EV -1).
You sometimes gain power by taking damage.
You are mostly covered in sharp spines.


Message History

The quasit disappears in a puff of smoke!
The iron imp disappears in a puff of smoke!
The ufetubus disappears in a puff of smoke!
The vampire mage hits you.
* * * LOW HITPOINT WARNING * * *
You block the vampire mage's attack. The centaur skeleton hits you.
* * * LOW HITPOINT WARNING * * *
The hungry ghost hits you.
You feel a lot more hungry. The wraith hits you but does no damage.
You block the flying skull's attack.
You take 6 damage, and have 10/94 hp.
Read which item? (? for menu, Esc to quit)
As you read the scroll of teleportation, it crumbles to dust.
You feel strangely unstable.
The rust devil disappears in a puff of smoke!
The centaur skeleton hits you but does no damage.
You block the flying skull's attack.
The vampire mage points at you and mumbles some strange words.
The bolt of negative energy hits you!
You feel drained.
You die...
Your body crumbles into a pile of gold.

$ ### ##++ #≈≈ ≈≈≈≈≈
######+##+######≈##.....
###..............#≈#...⌠..
..#..####).####..#≈..⌠...⌠
$
..#.....)[.....Wz#3.§.....
).'..####[.####W@Vzo⌠.._..
..#.............Z#WZ......
..#..####..####..#≈.§⌠...⌠
###..............#≈#[§.⌠..
######'##'######≈##.....
#..#....#..# #≈≈ ≈≈≈≈≈
#⌠.'.##.'.⌠# ### ####
#..#....#..# ############


You could see a vampire mage, a shadow wraith (invisible), a hungry ghost, a
ynoxinul, a wraith, an orc sorcerer, 2 flying skulls, a wasp simulacrum and a
centaur skeleton.

Vanquished Creatures
  Gastronok (D:8)
  Snorg (D:10)
  2 vampire magi (D:11)
  Nergalle (D:10)
  2 hill giants
  An unseen horror (D:11)
  A cyclops (D:11)
  A naga mage (D:11)
  A gargoyle (D:10)
  A troll (D:11)
  A komodo dragon (D:10)
  A two-headed ogre (D:10)
  A trapdoor spider (D:11)
  4 wyverns
  11 yaks (D:9)
  Grum (D:8)
  3 hippogriffs
  2 deep elf magi (D:11)
  4 wolves (D:8)
  6 ice beasts
  3 orc warriors
  2 sky beasts
  2 necrophages
  2 black bears (D:8)
  3 phantoms
  11 ogres
  3 centaurs
  2 giant frogs
  3 big kobolds
  2 gnoll sergeants (D:8)
  A water moccasin zombie (D:8)
  3 scorpions
  3 wights (D:9)
  4 killer bees (D:7)
  5 crimson imps
  5 hounds
  A wasp zombie (D:8)
  A giant frog zombie (D:7)
  5 jellies
  10 orc wizards
  3 iguanas
  A giant frog skeleton (D:8)
  4 orc priests
  A quasit (D:11)
  7 worker ants
  2 hound zombies (D:7)
  A hound skeleton (D:4)
  Robin (D:3)
  16 gnolls
  14 adders
  A shadow imp (D:5)
  4 oozes
  An adder zombie (D:9)
  An adder skeleton (D:8)
  A worm (D:2)
  5 giant geckos
  35 orcs
  4 ball pythons
  7 giant cockroaches
  14 goblins
  14 hobgoblins
  8 jackals
  20 kobolds
  3 quokkas
  12 bats
  A giant cockroach zombie (D:6)
  A giant gecko zombie (D:5)
  6 giant newts
  A jackal skeleton (D:6)
  2 jackal zombies
  7 rats
315 creatures vanquished.

Vanquished Creatures (others)
  8 plants (D:10)
8 creatures vanquished.

Grand Total: 323 creatures vanquished

Notes
Turn   | Place    | Note
--------------------------------------------------------------
     0 | D:1      | Goblin1989 the Demonspawn Gladiator began the quest for the Orb.
     0 | D:1      | Reached XP level 1. HP: 16/16 MP: 1/1
     6 | D:1      | Noticed a swamp drake
     6 | D:1      | Noticed a black bear
     6 | D:1      | Noticed a hound
     8 | D:1      | Noticed a swamp worm
    65 | D:1      | Reached skill level 3 in Long Blades
    65 | D:1      | Gained mutation: You sometimes gain a little power by taking damage. [demonic ancestry]
    65 | D:1      | Reached XP level 2. HP: 16/22 MP: 2/2
   652 | D:1      | Gained mutation: You are partially covered in icy blue scales (AC +1). [demonic ancestry]
   652 | D:1      | Reached XP level 3. HP: 25/27 MP: 3/3
   919 | D:1      | Reached skill level 4 in Long Blades
  1155 | D:2      | Found an opulent altar of Gozag.
  1155 | D:2      | Found an ancient bone altar of Kikubaaqudgha.
  1197 | D:2      | Became a worshipper of Gozag Ym Sagoz the Greedy
  1284 | D:2      | Found a snail-covered altar of Cheibriados.
  1644 | D:2      | Gained mutation: You have sharp fingernails. [demonic ancestry]
  1644 | D:2      | Reached XP level 4. HP: 23/33 MP: 4/4
  1742 | D:2      | Reached skill level 1 in Unarmed Combat
  1747 | D:2      | Gained mutation: You are mostly covered in icy blue scales (AC +3, EV -1). [demonic ancestry]
  1747 | D:2      | Reached XP level 5. HP: 16/38 MP: 5/5
  2200 | D:3      | Noticed an orc warrior
  2236 | D:3      | Killed an orc warrior
  2566 | D:3      | Gained mutation: You are partially covered in sharp spines. [demonic ancestry]
  2566 | D:3      | Reached XP level 6. HP: 44/44 MP: 6/6
  2950 | D:3      | Noticed Robin
  2962 | D:3      | Killed Robin
  3260 | D:4      | Reached skill level 1 in Armour
  3465 | D:4      | Reached skill level 5 in Unarmed Combat
  3465 | D:4      | Gained mutation: You are mostly covered in sharp spines. [demonic ancestry]
  3465 | D:4      | Reached XP level 7. HP: 27/51 MP: 7/7
  3533 | D:4      | Got a crystal hand axe
  3536 | D:4      | Identified the +1 hand axe "Voseyhi" {vamp, rF+ rN+ MR+} (You found it on level 4 of the Dungeon)
  3938 | D:5      | Entered Level 5 of the Dungeon
  4559 | D:5      | Reached skill level 6 in Unarmed Combat
  4581 | D:5      | Reached XP level 8. HP: 55/60 MP: 8/8
  4838 | D:6      | Found a glowing golden altar of the Shining One.
  5531 | D:6      | Learned a level 2 spell: Sublimation of Blood
  5791 | D:6      | Reached skill level 7 in Unarmed Combat
  6106 | D:7      | Reached skill level 1 in Shields
  6108 | D:7      | Reached skill level 5 in Fighting
  6423 | D:7      | Found a staircase to the Ecumenical Temple.
  6491 | D:7      | Gained mutation: You have very sharp fingernails. [demonic ancestry]
  6491 | D:7      | Reached XP level 9. HP: 68/68 MP: 9/9
  7349 | D:8      | Reached skill level 8 in Unarmed Combat
  7354 | D:8      | Noticed Grum
  7553 | D:8      | Killed Grum
  7560 | D:8      | Reached skill level 5 in Armour
  7714 | D:8      | Found a burning altar of Makhleb.
  7744 | D:8      | Noticed Gastronok
  7771 | D:8      | Killed Gastronok
  7771 | D:8      | Reached skill level 9 in Unarmed Combat
  7771 | D:8      | Reached XP level 10. HP: 50/77 MP: 10/10
  8232 | D:8      | Found a bloodstained altar of Trog.
  8454 | D:9      | Reached skill level 10 in Unarmed Combat
  8663 | D:9      | Reached skill level 5 in Shields
  8776 | D:9      | Reached XP level 11. HP: 62/84 MP: 11/11
  9053 | D:9      | Found a white marble altar of Elyvilon.
  9376 | D:9      | Found a deep blue altar of Sif Muna.
  9439 | D:10     | Entered Level 10 of the Dungeon
  9472 | D:10     | Noticed Snorg
  9505 | D:10     | Killed Snorg
  9762 | D:10     | Found a staircase to the Lair.
  9762 | D:10     | Noticed Nergalle
  9854 | D:10     | Noticed a hill giant
  9871 | D:10     | Killed a hill giant
  9871 | D:10     | Reached skill level 11 in Unarmed Combat
  9928 | D:10     | Killed Nergalle
 10617 | D:11     | Noticed a hill giant
 10627 | D:11     | Killed a hill giant
 10637 | D:11     | Found a sacrificial altar of Ru.
 10650 | D:11     | Killed an unseen horror
 10996 | D:11     | Noticed a vampire mage
 10998 | D:11     | Noticed a vampire mage
 11012 | D:11     | Killed a vampire mage
 11012 | D:11     | Gained mutation: You sometimes gain power by taking damage. [demonic ancestry]
 11012 | D:11     | Reached XP level 12. HP: 69/94 MP: 12/12
 11026 | D:11     | Killed a vampire mage
 11108 | D:11     | Identified the Compendium of Fiery Attacks
 11130 | D:11     | Found a deep blue altar of Sif Muna.
 11130 | D:11     | Noticed a vampire mage
 11171 | D:11     | Killed from afar by a vampire mage

Action                   |  1- 3 |  4- 6 |  7- 9 | 10-12 || total
-------------------------+-------+-------+-------+-------++-------
Melee: Long sword        |   135 |   138 |   105 |       ||   378
       Unarmed           |       |       |   129 |   466 ||   595
Throw: Throwing net      |       |     2 |       |     1 ||     3
Invok: Potion Petition   |       |       |       |     2 ||     2
  Use: Potion            |       |     4 |       |     5 ||     9
       Scroll            |       |       |     8 |     1 ||     9
 Stab: Sleeping          |     2 |     1 |       |       ||     3
       Distracted        |       |     1 |       |     1 ||     2
  Eat: Royal jelly       |     1 |     1 |     1 |     2 ||     5
       Bread ration      |       |     1 |     1 |       ||     2
       Pizza             |       |       |     4 |       ||     4
       Fruit             |       |       |       |    24 ||    24
